Map: Catalyst LE

Players

Kakaroto

  • Race: Terran Terran
  • League: Platinum
  • Spawn Location: 11:00

Juxtapose - Winner!

  • Race: Protoss Protoss
  • League: Gold
  • Spawn Location: 5:00

VOD

https://youtu.be/jijBS6TrBn8

Description

When I saw that second Barracks go down right away, I knew I was in for early Marine aggression, so I tried defending with two Shield Batteries at the top of my ramp, and it worked out quite well!

Overall I'm pleased with how I did this match, though I think with Protoss I'm going to try switching back into Oracle harasses for a bit. In the mirror match as well, it seems many of the opponents I've lost to would have been vulnerable to this.

Time

  • Played on: Dec. 10, 2017, 6:45 p.m.
  • Length: 8:49
Show
View Real Time Build Order
Export as new Build Order

Kakaroto Terran 

Build Orders:  

Get SALT Encoding   

  12  0:02  SCV  
  13  0:18  Supply Depot  
  14  0:23  SCV  
  14  0:36  SCV  
  14  0:40  Barracks  
  15  0:51  Barracks  
  15  0:56  SCV  
  16  1:08  Supply Depot  
  16  1:24  SCV  
  17  1:32  Marine  
  17  1:38  SCV  
  19  1:40  Marine  
  19  1:44  Barracks  
  19  1:45  Barracks  
  20  1:53  Supply Depot  
  20  1:55  Marine  
  20  1:59  SCV  
  22  2:14  Marine x2  
  25  2:23  Orbital Command  
  24  2:31  Marine  
  24  2:32  Marine x2  
  27  2:40  Marine  
  28  2:49  Marine, SCV  
  28  2:50  Marine x2  
  32  2:58  Marine  
  32  3:03  Supply Depot  
  33  3:07  Marine  
  33  3:08  Marine x2  
  33  3:10  SCV  
  37  3:16  Marine  
  38  3:22  SCV  
  38  3:25  Marine  
  38  3:26  Marine x2  
  42  3:28  Supply Depot  
  42  3:34  Marine, SCV  
  44  3:42  Marine  
  44  3:46  Marine x2  
  47  3:52  Marine  
  47  3:53  Engineering Bay  
  48  4:00  Marine  
  48  4:01  Supply Depot  
  49  4:04  Marine x2  
  49  4:09  Marine  
  50  4:18  Marine  
  50  4:22  Marine x2  
  46  4:27  Marine  
  43  4:36  Marine  
  43  4:37  Missile Turret, SCV  
  45  4:39  Marine  
  45  4:40  Marine  
  45  4:45  Marine  
  48  4:54  Marine  
  48  4:55  Missile Turret  
  48  4:57  Marine x2  
  51  5:03  Marine  
  52  5:12  Marine  
  53  5:15  Marine  
  53  5:16  SCV  
  49  5:38  Command Center  
  49  5:39  Barracks  
  49  5:45  Supply Depot  
  49  5:58  Marine x4  
  53  6:08  SCV  
  54  6:13  Refinery  
  54  6:14  Refinery  
  54  6:15  Marine  
  54  6:16  Marine x3  
  58  6:20  SCV  
  58  6:29  Marine  
  59  6:33  Marine x2  
  59  6:34  Marine  
  59  6:36  Marine  
  62  6:47  Marine  
  62  6:51  Marine x2  
  62  6:52  Marine  
  62  6:54  Marine  
  65  7:05  Marine  
  52  7:17  Marine x4  
  43  7:22  Marine  
  36  7:34  Marine x2  
  36  7:35  Marine x2  
  35  7:40  Marine  
  31  7:52  Marine x3  
  31  7:53  Marine  
  31  7:58  Marine  
  24  8:10  Marine x3  
  17  8:16  Marine  
Show
View Real Time Build Order
Export as new Build Order

Juxtapose Protoss - Winner!

Build Orders:  

Get SALT Encoding   

  12  0:01  Probe  
  13  0:13  Probe  
  14  0:25  Probe  
  14  0:26  Pylon  
  15  0:44  Probe  
  15  0:45  Gateway  
  16  0:51  Assimilator  
  16  0:56  Probe  
  17  1:00  Pylon  
  17  1:08  Probe  
  18  1:20  Probe  
  18  1:23  Assimilator  
  19  1:33  Probe  
  19  1:37  Cybernetics Core  
  20  1:45  Probe, Zealot  
  23  1:47  Pylon  
  23  2:07  Probe  
  24  2:11  Pylon  
  24  2:16  Forge  
  24  2:17  Sentry  
  24  2:19  Probe  
  27  2:24  Warp Gate (Chrono Boost)  
  27  2:35  Gateway  
  26  2:55  Protoss Ground Weapons Level 1 (Chrono Boost)  
  26  2:57  Stalker (Chrono Boost)  
  28  3:05  Gateway  
  28  3:10  Pylon  
  28  3:13  Shield Battery  
  28  3:22  Stalker  
  30  3:34  Shield Battery  
  30  3:41  Photon Cannon  
  30  3:52  Robotics Facility  
  30  4:08  Stalker  
  32  4:22  Stalker  
  32  4:23  Stalker  
  32  4:41  Protoss Ground Armor Level 1 (Chrono Boost)  
  32  4:43  Immortal  
  36  4:50  Adept  
  38  4:58  Adept  
  40  5:06  Adept  
  42  5:22  Immortal  
  46  5:35  Adept x2  
  48  5:40  Adept  
  52  6:07  Nexus  
  52  6:55  Pylon  
  52  6:59  Pylon  
  52  7:03  Pylon  
  52  7:12  Immortal  
  44  7:27  Adept x3  
  46  7:51  Warp Prism  
  46  8:00  Adept  
  46  8:01  Adept x2  
  46  8:03  Probe x2  
  54  8:11  Twilight Council  
  54  8:15  Probe x2  
  52  8:34  Adept x3  
Tags
 
Add a new tag
Caveats
  • Supply blocks, unpowered buildings, or Contaminate may cause inaccurate times.
  • Supply counts are checked every 10 seconds.